 Dungeon Crawl Stone Soup version 0.17.1-2-g5865329 (webtiles) character file.

123 PossumBlood the Archer (level 4, -4/29 HPs)
             Began as a High Elf Hunter on Jan 28, 2016.
             Slain by Sigmund
             ... wielding a +0 scythe
              (14 damage)
             ... on level 3 of the Dungeon.
             The game lasted 00:09:24 (1502 turns).

PossumBlood the Archer (High Elf Hunter)            Turns: 1502, Time: 00:09:24

Health: -4/29      AC:  4    Str: 11    XL:     4   Next: 79%
Magic:  5/5        EV: 12    Int: 15    God:
Gold:   81         SH:  0    Dex: 16    Spells: 0 memorised, 3 levels left

rFire  + . .     SeeInvis .     b - +0 short sword
rCold  x . .     Clarity  .     c - +0 leather armour
rNeg   . . .     SustAt   .     (no shield)
rPois  .         Gourm    .     (no helmet)
rElec  .         Spirit   .     p - +0 cloak
rCorr  .         Warding  .     (no gloves)
rMut   .         Stasis   .     (no boots)
MR     .....                    (no amulet)
Stlth  ++........               o - ring of wizardry
                                n - ring of fire

@: not resistant to hostile enchantments, unstealthy
A: no striking features
a: no special abilities


You were on level 3 of the Dungeon.
You were not hungry.

You visited 1 branch of the dungeon, and saw 3 of its levels.

You collected 81 gold pieces.

Inventory:

Hand Weapons
 a - a +1 shortbow
 b - a +0 short sword (weapon)
 k - a +1 vampiric dagger
Armour
 c - a +0 leather armour (worn)
 p - a +0 cloak (worn)
Jewellery
 n - a ring of fire (left hand)
 o - a ring of wizardry (right hand)
Scrolls
 d - a scroll of immolation {unknown}
 h - 3 scrolls of identify {unknown}
 j - a scroll of remove curse {unknown}
 l - a scroll of teleportation {unknown}
Potions
 i - a potion of invisibility {unknown}
 q - 2 potions of heal wounds {unknown}
 r - a potion of experience {unknown}
 s - a potion of magic {unknown}
Comestibles
 e - 4 bread rations
 f - 2 slices of pizza
 m - 2 meat rations


   Skills:
 - Level 2.0 Fighting
 * Level 8.2 Bows
 - Level 2.1 Dodging
 - Level 1.1 Stealth


You had 3 spell levels left.
You didn't know any spells.

Dungeon Overview and Level Annotations

Branches:
Dungeon (3/15)

Altars:
Qazlal
Vehumet

Annotations:
D:3 Sigmund


Message History

You hit the giant cockroach but do no damage.
The giant cockroach misses you. The giant cockroach closely misses you.
You hit the giant cockroach but do no damage.
Something barely misses you. The giant cockroach barely misses you.
You barely miss the giant cockroach. The giant cockroach closely misses you.
Something hits you but does no damage.
You closely miss the giant cockroach. The giant cockroach misses you.
The giant cockroach bites you but does no damage.
You hit the giant cockroach.
The giant cockroach is severely wounded.
Something completely misses you. The giant cockroach bites you.
You closely miss the giant cockroach.
The giant cockroach is severely wounded.
The giant cockroach closely misses you. Something hits you!
You barely miss the giant cockroach.
The giant cockroach is severely wounded.
The giant cockroach closely misses you.
The giant cockroach bites you but does no damage.
Something hits you!
You die...

. ##.....## # #.#
.#.#.......#.##
#.#
..#......†#..###.#
......_..........#
..#.......#..#####
#..#.......#..# ##
##....†## .#
###.####.####..#
(.(.({s@.......#
......(.########
......[.#
....(...#
...##..## .. #.. .
#.. ##.


You could see a giant cockroach.

Vanquished Creatures
  Natasha (twice) (D:2)
  4 adders (D:2)
  2 oozes
  2 giant geckos
  A ball python (D:3)
  3 giant cockroaches (D:1)
  5 goblins
  5 hobgoblins
  2 kobolds
  2 quokkas
  6 bats
  3 giant newts
  4 jackals (D:1)
  5 rats
46 creatures vanquished.

Notes
Turn   | Place    | Note
--------------------------------------------------------------
     0 | D:1      | PossumBlood the High Elf Hunter began the quest for the Orb.
     0 | D:1      | Reached XP level 1. HP: 14/14 MP: 2/2
    74 | D:1      | Reached XP level 2. HP: 19/19 MP: 3/3
    90 | D:1      | Reached skill level 6 in Bows
   363 | D:1      | Reached XP level 3. HP: 18/24 MP: 4/4
   743 | D:2      | Reached skill level 7 in Bows
   757 | D:2      | Found a stormy altar of Qazlal.
   905 | D:2      | Noticed Natasha
   913 | D:2      | Killed Natasha
   913 | D:2      | Reached XP level 4. HP: 29/29 MP: 5/5
   979 | D:2      | Noticed Natasha
   981 | D:2      | Killed Natasha
  1165 | D:2      | Reached skill level 8 in Bows
  1466 | D:3      | Found a radiant altar of Vehumet.
  1481 | D:3      | Noticed Sigmund
  1502 | D:3      | Slain by Sigmund

Action                   |  1- 3 |  4- 6 || total
-------------------------+-------+-------++-------
Melee: Short sword       |    15 |    10 ||    25
 Fire: Shortbow          |    94 |    39 ||   133
  Eat: Pizza             |       |     1 ||     1
